 Dungeon Crawl Stone Soup version 0.30-a0-23-ge60ba3568b (webtiles) character file.

Game seed: 11043657092370981892

605 ponyjar the Slicer (level 7, 0/36 HPs)
             Began as a Kobold Delver on Aug 25, 2022.
             Was a Believer of Dithmenos.
             Slain by Crazy Yiuf
             ... wielding a +3 quarterstaff of chaos
              (7 damage)
             ... on level 4 of the Dungeon.
             The game lasted 00:04:02 (5173 turns).

ponyjar the Slicer (Kobold Delver)                  Turns: 5173, Time: 00:04:02

Health: 0/36       AC:  5    Str: 12    XL:     7   Next: 70%
Magic:  16/16      EV: 14    Int: 11    God:    Dithmenos [**....]
Gold:   216        SH:  0    Dex: 14    Spells: 6/6 levels left

rFire   + . .      SeeInvis .    t - +2 dagger (venom)
rCold   + . .      Faith    .    (no shield)
rNeg    + . .      Spirit   .    b - +0 leather armour
rPois   +          Reflect  .    w - +0 helmet
rElec   +          Harm     .    s - +0 cloak
rCorr   +          Rampage  .    (no gloves)
Will    .....                    (no boots)
Stlth   +++++.....               (no amulet)
HPRegen 0.12/turn                k - ring of positive energy
MPRegen 0.15/turn                x - ring of magical power

@: lethally poisoned (0 -> -16), resistant, wreathed by umbra, unable to read
A: small, no large weapons, nightstalker 3, clumsy 1, frail 1, inability to read
after injury 1
a: Renounce Religion, Shadow Step


You were on level 4 of the Dungeon.
You worshipped Dithmenos.
Dithmenos was pleased with you.
You visited 1 branch of the dungeon, and saw 6 of its levels.

You collected 216 gold pieces.

Inventory:

Hand Weapons
 a - a +0 short sword
 q - a +1 dagger of venom
 t - a +2 dagger of venom (weapon)
Armour
 b - a +0 leather armour (worn)
 s - a +0 cloak (worn)
 w - a +0 helmet (worn)
Jewellery
 k - a ring of positive energy (left hand)
 x - a ring of magical power (right hand)
Wands
 g - a wand of digging (11)
Scrolls
 d - 2 scrolls of torment {unknown}
 f - 9 scrolls of identify {unknown}
 h - 2 scrolls of noise {unknown}
 j - 4 scrolls of teleportation {unknown}
 m - 2 scrolls of magic mapping
 n - a scroll of fog
 o - a scroll of silence {unknown}
 r - a scroll of enchant weapon {unknown}
 u - a scroll of summoning {unknown}
Potions
 c - 4 potions of might
 e - a potion of lignification {unknown}
 p - a potion of mutation
 v - a potion of flight {unknown}


   Skills:
 - Level 3.2 Fighting
 * Level 10.5 Short Blades
 - Level 2.4 Dodging
 - Level 6.6 Stealth


You had 6 spell levels left.
You didn't know any spells.
Your spell library contained the following spells:

 Spells                   Type           Power      Damage    Failure   Level
 Slow                     Hex            0%         N/A       41%         1
 Sublimation of Blood     Necr           0%         N/A       56%         2
 Confusing Touch          Hex            0%         N/A       80%         3
 Gell's Gravitas          Tloc           0%         N/A       80%         3
 Lesser Beckoning         Tloc           0%         N/A       80%         3
 Teleport Other           Tloc           0%         N/A       80%         3
 Vampiric Draining        Necr           0%         2d6       80%         3
 Petrify                  Tmut/Erth      0%         N/A       99%         4
 Irradiate                Conj/Tmut      0%         3d11      100%        5


Dungeon Overview and Level Annotations

Branches:
Dungeon (6/15)
 Temple: D:4-7

Altars:
Ashenzari
Dithmenos
Vehumet

Annotations:
D:4 Crazy Yiuf


Innate Abilities, Weirdness & Mutations

You are small and have problems with some larger weapons.
You are completely attuned to the shadows.
You are clumsy. (Dex -2)
You are frail. (-10% HP)
You occasionally lose the ability to read scrolls when taking damage.


Message History

No target in view!
Found a hammer.
No reachable target in view!
Could not explore, unopened runed door.
You open the door.
Crazy Yiuf shouts!
Crazy Yiuf whimpers, "Buddy cloud King!"
There is an open translucent door here.
You closely miss Crazy Yiuf. Crazy Yiuf closely misses you.
You hit Crazy Yiuf. You punch Crazy Yiuf.
Crazy Yiuf is moderately wounded.
You closely miss Crazy Yiuf.
Crazy Yiuf is moderately wounded.
Crazy Yiuf completely misses you.
You hit Crazy Yiuf.
Crazy Yiuf is heavily wounded.
You completely miss Crazy Yiuf.
Crazy Yiuf is heavily wounded.
Crazy Yiuf hits you with a +3 quarterstaff of chaos!
You are poisoned.
You barely miss Crazy Yiuf.
Crazy Yiuf is heavily wounded.
You feel very sick.
You completely miss Crazy Yiuf.
Crazy Yiuf is heavily wounded.
You feel sick.
Crazy Yiuf hits you with a +3 quarterstaff of chaos!
You are more poisoned.
You hit Crazy Yiuf but do no damage.
Crazy Yiuf is heavily wounded.
You feel sick.
Unknown command.
It was a potion of resistance.
You feel protected.
* * * LOW HITPOINT WARNING * * *
You feel very sick.
Crazy Yiuf flaps his cloak.
Crazy Yiuf hits you with a +3 quarterstaff of chaos!
You feel threatened and lose the ability to read scrolls!
You die...

##.[.......##...##
##.####
.#.........##.###
#....#
..............#
####.#
##........#####
#.# ##........#
#.# ###.....#.#
♣♣♣♣♣###.#
###).^#...# ####
♣♣♣.♣....#.#
).........#
#...#♣..♣.......#
##........#
#..g@.♣♣♣♣......#
...#......#
#)..#♣♣ ♣♣....##
..##......# ####
♣♣#### .......g.##
#.#......##
.....#....##
.....#.....#
...#.....###
.........#


You could see Crazy Yiuf.

Vanquished Creatures
  Edmund (D:4)
  2 ogres (D:4)
  A howler monkey (D:4)
  A hound (D:4)
  An iguana (D:4)
  Robin (D:4)
  5 gnolls
  6 adders
  An ufetubus (D:4)
  2 worms
  2 dart slugs
  3 orcs
  8 endoplasms
  2 giant cockroaches (D:3)
  18 goblins
  7 hobgoblins
  2 jackals (D:1)
  10 kobolds
  2 quokkas (D:1)
  7 ball pythons
  7 bats
  2 frilled lizards
  6 rats
97 creatures vanquished.

Vanquished Creatures (others)
  A plant (D:5)
1 creature vanquished.

Grand Total: 98 creatures vanquished

Notes
Turn   | Place    | Note
-------+----------+-------------------------------------------
     0 | D:5      | ponyjar the Kobold Delver began the quest for the Orb.
     0 | D:5      | Reached XP level 1. HP: 14/14 MP: 1/1
    18 | D:5      | Found a shadowy altar of Dithmenos.
    19 | D:5      | Noticed an iguana
    21 | D:5      | Noticed an orc wizard
    30 | D:5      | Found a broken altar of Ashenzari.
    30 | D:5      | Found a radiant altar of Vehumet.
    35 | D:5      | Became a worshipper of Dithmenos the Shadowed
    67 | D:5      | Noticed a scorpion
   400 | D:5      | Noticed an orc wizard
   402 | D:5      | Noticed an orc wizard
   411 | D:5      | Noticed a black bear
   413 | D:5      | Noticed an ogre
   479 | D:4      | Noticed Edmund
   827 | D:1      | Reached skill level 3 in Short Blades
   892 | D:1      | Reached XP level 2. HP: 19/19 MP: 2/2
   957 | D:1      | Reached skill level 4 in Short Blades
  1082 | D:1      | Reached XP level 3. HP: 15/23 MP: 3/3
  1458 | D:1      | Reached * piety under Dithmenos
  1459 | D:1      | Reached skill level 5 in Short Blades
  1562 | D:1      | Found a faded altar of an unknown god.
  1955 | D:2      | Reached XP level 4. HP: 28/28 MP: 4/4
  3065 | D:3      | Reached skill level 6 in Short Blades
  3303 | D:3      | Reached XP level 5. HP: 32/32 MP: 5/5
  3372 | D:3      | Reached skill level 7 in Short Blades
  3601 | D:3      | Found Holo's Antique Weapon Shop.
  3764 | D:4      | Noticed an ogre
  3768 | D:4      | Killed an ogre
  3769 | D:4      | Reached skill level 8 in Short Blades
  3769 | D:4      | Reached XP level 6. HP: 37/37 MP: 6/6
  3821 | D:4      | Reached ** piety under Dithmenos
  3857 | D:4      | Noticed an ogre
  3865 | D:4      | Killed an ogre
  3866 | D:4      | Reached skill level 9 in Short Blades
  4011 | D:4      | Reached XP level 7. HP: 15/41 MP: 7/7
  4287 | D:4      | Noticed Robin
  4339 | D:4      | Killed Robin
  4533 | D:4      | Gained mutation: You are frail. (-10% HP) [potion of
                  | mutation]
  4533 | D:4      | Gained mutation: You are clumsy. (Dex -2) [potion of
                  | mutation]
  4533 | D:4      | Gained mutation: You occasionally lose the ability to read
                  | scrolls when taking damage. [potion of mutation]
  4560 | D:4      | Killed Edmund
  4561 | D:4      | Reached skill level 10 in Short Blades
  5159 | D:4      | Found a runed translucent door.
  5162 | D:4      | Noticed Crazy Yiuf
  5173 | D:4      | Slain by Crazy Yiuf

Illustrated notes

Levels and vault maps discovered:
D:1:      dpeg_arrival_tiny_d, layout_loops_ring,
          chequers_ecumenical_altar_twisty
D:2:      layout_basic, kennysheep_decorative_pillar, minmay_crystal_room,
          minmay_misc_feat_encased
D:3:      layout_rooms, serial_shops, shop_statue, hangedman_feature_mirror,
          minivault_23
D:4:      layout_cave_pools, uniq_crazy_yiuf_cottage, uniq_edmund, uniq_robin
D:5:      layout_cave_pools, gammafunk_temple_overflow_forgotten,
          kennysheep_generic_room_5, uniq_sigmund
D:6:      layout_layer_cave, minmay_temple_entry_enclosed_plants, serial_shops,
          shop

Skill      XL: |  1  2  3  4  5  6  7 |
---------------+----------------------+-----
Short Blades   | 3 4 5 6 8 9 10 | 10.5
Fighting       | |  3.2
Dodging        | |  2.4
Stealth        | |  6.6

Action                   |  1- 3 |  4- 6 |  7- 9 || total
-------------------------+-------+-------+-------++-------
Melee: Short sword       |    72 |    25 |       ||    97
       Dagger            |       |    82 |    99 ||   181
       Punch             |       |     1 |     1 ||     2
  Use: Scroll            |     3 |       |       ||     3
       Potion            |     1 |       |     7 ||     8
 Stab: Sleeping          |    18 |    21 |     3 ||    42
       Distracted        |       |       |     1 ||     1
Armor: Leather armour    |     7 |     6 |     5 ||    18
Dodge: Dodged            |    41 |    63 |    57 ||   161

Table legend: (Time is in decaauts)
 A = Elapsed time spent in this place.
 B = Non-inter-level travel time spent in this place.
 C = Inter-level travel time spent in this place.
 D = Time resting spent in this place.
 E = Time spent auto-exploring this place.
 F = Levels seen in this place.
 G = Mean time per level.
                   A        B        C        D        E       F      G
               +--------+--------+--------+--------+--------+-----+--------+
         Total |   5064 |   5001 |     63 |    585 |   3641 |   6 |  844.0 |
       Dungeon |   5064 |   5001 |     63 |    585 |   3641 |   6 |  844.0 |
               +--------+--------+--------+--------+--------+-----+--------+

Top non-repeatable levels by time:
     D:4: 1184 daAuts
     D:3: 1173 daAuts
     D:1: 1171 daAuts
     D:2: 1120 daAuts
     D:6: 299 daAuts
     D:5: 115 daAuts
